 Dungeon Crawl Stone Soup version 0.31-a0-255-g9c3d1c461a (webtiles) character file.

Game seed: 1427022837012689058

119 qw the Shooter (level 4, -3/36 HPs)
             Began as a Minotaur Hexslinger on July 12, 2023.
             Slain by a gnoll
             ... wielding a +0 spear
              (6 damage)
             ... on level 3 of the Dungeon.
             The game lasted 00:00:49 (1760 turns).

qw the Shooter (Minotaur Hexslinger)                Turns: 1760, Time: 00:00:50

Health: -3/36      AC:  8    Str: 16    XL:     4   Next: 73%
Magic:  4/4        EV: 11    Int: 10    God:
Gold:   51         SH:  5    Dex: 15    Spells: 4/5 levels left

rFire   + . .        Y - +1 sling
rCold   + + .        (no shield)
rNeg    + + .        b - +2 ring mail {rF+}
rPois   .            (helmet restricted)
rElec   .            (no cloak)
rCorr   .            h - +0 pair of gloves
SInv    .            (no boots)
Will    .....        a - amulet "Fedar" {Reflect rC++ rN++ Str+4 SH+5}
Stlth   +            (no ring)
HPRegen 0.26/turn    (no ring)
MPRegen 0.09/turn

%: reflection
@: about to teleport
A: horns 2, retaliatory headbutt
a: no special abilities


You were on level 3 of the Dungeon.
You visited 1 branch of the dungeon, and saw 3 of its levels.

You collected 77 gold pieces.
You spent 26 gold pieces at shops.


Innate Abilities, Weirdness & Mutations

You have a pair of horns on your head.
You reflexively headbutt those who attack you in melee.


   Skills:
 - Level 2.0 Fighting
 + Level 4.9 Ranged Weapons
 - Level 2.0 Armour
 - Level 2.1 Dodging
 - Level 1.0 Spellcasting
 - Level 2.0 Hexes


You had 4 spell levels left.
You knew the following spells:

 Your Spells              Type           Power      Damage    Failure   Level
a - Slow                  Hex            16%        N/A       28%         1

Your spell library contained the following spells:

 Spells                   Type           Power      Damage    Failure   Level
 Inner Flame              Hex/Fire       2%         N/A       77%         3
 Portal Projectile        Hex/Tloc       4%         N/A       77%         3
 Cause Fear               Hex            2%         N/A       95%         4

Inventory:

Hand Weapons
 Y - a +1 sling (weapon)
Armour
 b - a +2 ring mail of fire resistance (worn)
 h - a +0 pair of gloves (worn)
Jewellery
 a - the amulet "Fedar" (around neck) {Reflect rC++ rN++ Str+4 SH+5}
   (You found it on level 2 of the Dungeon)

   [amulet of reflection]

   It reflects blocked missile attacks.
   Str:       It affects your strength (+4).
   rC:        It greatly protects you from cold.
   rN:        It greatly protects you from negative energy.
   SH:        It affects your SH (+5).
Scrolls
 c - a scroll of identify {unknown}
Potions
 d - a potion of resistance {unknown}
 e - a potion of curing {unknown}
 f - a potion of attraction {unknown}
 i - a potion of haste {unknown}
 j - a potion of magic {unknown}
 k - a potion of heal wounds {unknown}
 l - a potion of lignification {unknown}

Dungeon Overview and Level Annotations

Branches:
Dungeon (3/15)

Altars:
Ashenzari
Hepliaklqana

Shops:
D:3 :*!

Annotations:
D:3 Terence


Message History

The sling bullet hits Terence but does no damage.
Terence is moderately wounded.
The gnoll hits you from afar with a +0 halberd!
You block the gnoll's attack. Terence hits you with a +0 flail.
You shoot a sling bullet. The sling bullet barely misses Terence.
The sling bullet barely misses the gnoll.
Terence barely misses you. You block the gnoll's attack.
The gnoll closely misses you.
You shoot a sling bullet. The sling bullet barely misses Terence.
The sling bullet hits the gnoll.
The gnoll is moderately wounded.
Terence hits you with a +0 flail. The gnoll barely misses you.
You block the gnoll's attack.
You shoot a sling bullet.
The sling bullet closely misses Terence.
The sling bullet hits the gnoll!
The gnoll is almost dead.
The gnoll barely misses you. Terence barely misses you. The gnoll misses you.
The gnoll hits you but does no damage.
A rat comes into view.
The gnoll barely misses you. Terence hits you but does no damage.
The gnoll closely misses you. x2
You shoot a sling bullet.
The sling bullet closely misses Terence.
The sling bullet barely misses the gnoll.
The gnoll hits you from afar with a +0 halberd.
The gnoll hits you from afar with a +0 spear.
Terence barely misses you. You block the gnoll's attack.
1759 ||| READING scroll of teleportation.
As you read the scroll of teleportation, it crumbles to dust.
You feel strangely unstable. Terence closely misses you.
The gnoll barely misses you.
The gnoll hits you from afar with a +0 halberd.
The gnoll barely misses you.
You shoot a sling bullet. The sling bullet hits Terence.
Terence is heavily wounded.
The gnoll closely misses you.
The gnoll hits you from afar with a +0 halberd.
The gnoll hits you from afar with a +0 spear.
You die...

#.#.# ##### #.#.# ......... #.#.#
......... #.#.# ......... #.#.#
#........ #.#.##########........
#.#..........#ggg.r...
#.%..........#.@......
#............#@.......
#............'........
#............#........
#....##+##............
#........+............
###.....#+##....#.......
........%.......#................
###............................~~
#.............#.[..............


You could see Terence, 3 gnolls and a rat.

Vanquished Creatures
  An iguana (D:3)
  3 adders
  2 worms
  3 dart slugs
  4 endoplasms
  6 giant cockroaches
  3 goblins
  5 hobgoblins
  2 jackals (D:1)
  3 quokkas
  2 ball pythons (D:2)
  6 bats
  2 frilled lizards
  2 kobolds (D:1)
  6 rats
50 creatures vanquished.

Notes
Turn   | Place    | Note
-------+----------+-------------------------------------------
     0 | D:1      | qw the Minotaur Hexslinger began the quest for the Orb.
     0 | D:1      | Reached XP level 1. HP: 16/16 MP: 1/1
     0 | D:1      | 0 ||| qw: Version: 0.3-a-52-g30416fa
     0 | D:1      | 0 ||| qw: Game counter: 6661
     0 | D:1      | 0 ||| qw: Melee chars always use a shield: true
     0 | D:1      | 0 ||| qw: God list: Okawaru
     0 | D:1      | 0 ||| qw: Allow faded altars: false
     0 | D:1      | 0 ||| qw: Do Orc after clearing Dungeon:15 true
     0 | D:1      | 0 ||| qw: Do second Lair branch before Depths: true
     0 | D:1      | 0 ||| qw: Lair rune preference: random
     0 | D:1      | 0 ||| qw: Goals: Normal
     0 | D:1      | 0 ||| PLANNING D:1-11
   193 | D:1      | Reached skill level 3 in Ranged Weapons
   193 | D:1      | Reached XP level 2. HP: 23/23 MP: 2/2
   756 | D:1      | 756 ||| UPGRADING to +0 pair of gloves.
   761 | D:1      | 761 ||| DROPPING ring of flight.
   762 | D:1      | 762 ||| READING scroll labelled RAFRYDO BUEME.
   765 | D:1      | 765 ||| DROPPING scroll of poison.
   843 | D:2      | Reached XP level 3. HP: 20/29 MP: 3/3
   898 | D:2      | Reached skill level 4 in Ranged Weapons
  1058 | D:2      | Identified the amulet "Fedar" {Reflect rC++ rN++ Str+4
                  | SH+5}
  1276 | D:2      | Reached XP level 4. HP: 36/36 MP: 4/4
  1300 | D:2      | 1300 ||| UPGRADING to +2 ring mail of fire resistance.
  1310 | D:2      | 1310 ||| DROPPING +0 robe.
  1311 | D:2      | 1311 ||| UPGRADING to amulet "Fedar" {Reflect rC++ rN++
                  | Str+4 SH+5}.
  1316 | D:2      | 1316 ||| READING scroll labelled ZIDUEG QUNTUAMA.
  1379 | D:3      | Found Xuqakhaw's Assorted Antiques.
  1383 | D:3      | Found Utur's Distillery.
  1387 | D:3      | 1387 ||| BUYING scroll labelled OVOUCUR BONLUS (26 gold).
  1387 | D:3      | Bought a scroll labelled OVOUCUR BONLUS for 26 gold pieces
  1387 | D:3      | 1387 ||| SHOPLISTING scroll labelled OVOUCUR BONLUS (26
                  | gold, have 18).
  1394 | D:3      | 1394 ||| SHOPLISTING potion of cancellation (104 gold, have
                  | 18).
  1394 | D:3      | 1394 ||| SHOPLISTING potion of enlightenment (65 gold, have
                  | 18).
  1394 | D:3      | 1394 ||| SHOPLISTING potion of heal wounds (65 gold, have
                  | 18).
  1394 | D:3      | 1394 ||| SHOPLISTING potion of mutation (104 gold, have
                  | 18).
  1394 | D:3      | 1394 ||| SHOPLISTING potion of resistance (130 gold, have
                  | 18).
  1439 | D:3      | Found Beofeoqu's Book Emporium.
  1545 | D:3      | Found a hazy altar of Hepliaklqana.
  1642 | D:3      | Found a broken altar of Ashenzari.
  1741 | D:3      | Noticed Terence
  1758 | D:3      | HP: 6/36 [gnoll/+0 spear (6)]
  1759 | D:3      | 1759 ||| READING scroll of teleportation.
  1760 | D:3      | Slain by a gnoll

Levels and vault maps discovered:
D:1:      lemuel_arrival_muddy, layout_loops_ring
D:2:      layout_rooms
D:3:      layout_basic, mainiacjoe_overflow_cross_hatched,
          nzn_hepliaklqana_mist_gate, serial_shops, shop, shop,
          nicolae_shop_advertising_works [nicolae_subvault_shop_adworks], shop,
          uniq_terence

Skill      XL: |  1  2  3  4 |
---------------+-------------+-----
Ranged Weapons | 3 4 |  4.9
Fighting       | 2 |  2.0
Armour         | 2 |  2.0
Dodging        | |  2.1
Spellcasting   | |  1.0
Hexes          | |  2.0

Action                     |  1- 3 |  4- 6 || total
---------------------------+-------+-------++-------
   Fire: Sling             |   152 |    58 ||   210
    Use: Scroll            |     1 |     2 ||     3
 Armour: Robe              |    30 |       ||    30
         Ring mail         |       |     7 ||     7
  Dodge: Dodged            |    55 |    33 ||    88
  Block: Other             |       |    12 ||    12

Table legend:
 A = Non-vault XP
 B = Vault XP
 C = Vault XP percentage of total XP
 D = Non-vault monster count
 E = Vault monster count
 F = Vault count percentage of total count
                 A         B        C        D         E       F
            +---------+---------+-------+---------+---------+-------
      Total |     170 |       0 |   0.0 |      50 |       0 |   0.0
            +---------+---------+-------+---------+---------+-------
        D:1 |      36 |       0 |   0.0 |      20 |       0 |   0.0
        D:2 |      66 |       0 |   0.0 |      21 |       0 |   0.0
        D:3 |      68 |       0 |   0.0 |       9 |       0 |   0.0
            +---------+---------+-------+---------+---------+-------
